 Dungeon Crawl Stone Soup version 0.30-a0-777-ga9a30cbeda (webtiles) character file.

Game seed: 11411553928730173063

120 mistaj the Shield-Bearer (level 5, -2/33 HPs)
             Began as a Gargoyle Fighter on Feb 13, 2023.
             Slain by an orc
             ... wielding a +0 hand axe
              (5 damage)
             ... on level 3 of the Dungeon.
             The game lasted 00:04:40 (1906 turns).

mistaj the Shield-Bearer (Gargoyle Fighter)         Turns: 1906, Time: 00:04:40

Health: -2/33      AC: 13    Str: 22    XL:     5   Next: 4%
Magic:  5/5        EV:  7    Int:  8    God:
Gold:   151        SH:  4    Dex:  9    Spells: 4/4 levels left

rFire   . . .      SeeInvis .    j - +2 flail (protect)
rCold   . . .      Faith    .    c - +0 buckler
rNeg    + . .      Spirit   .    m - +0 chain mail
rPois   ∞          Reflect  .    (no helmet)
rElec   +          Harm     .    (no cloak)
rCorr   .          Rampage  .    (no gloves)
Will    .....                    (no boots) Stlth
                                 (no amulet)
HPRegen 0.25/turn                (no ring)
MPRegen 0.09/turn                (no ring)

@: no status effects
A: sickness immunity, AC +4, negative energy resistance 1, electricity
resistance, torment resistance 1, petrification resistance
a: no special abilities


You were on level 3 of the Dungeon.
You visited 1 branch of the dungeon, and saw 3 of its levels.
You also visited: Sewer.

You collected 151 gold pieces.

Inventory:

Hand Weapons
 a - a +0 war axe
 i - a +1 dagger of speed
 j - a +2 flail of protection (weapon)
Armour
 c - a +0 buckler (worn)
 m - a +0 chain mail (worn)
Jewellery
 n - the ring "Wiawkimone" {Wiz rF- rC++ Will+}
   (You found it on level 3 of the Dungeon)

   [ring of wizardry]

   It improves your spell success rate.
   rF:        It makes you vulnerable to fire.
   rC:        It greatly protects you from cold.
   Will:      It increases your willpower.
Scrolls
 b - a scroll of identify
 g - a scroll of vulnerability
Potions
 d - 3 potions of might
 e - 2 potions of mutation
 f - a potion of flight {unknown}
 h - a potion of brilliance {unknown}
 k - 2 potions of degeneration {unknown}
 o - 2 potions of invisibility {unknown}
 p - a potion of resistance {unknown}


   Skills:
 + Level 4.2 Fighting
 - Level 0.3 Short Blades
 - Level 2.7(2.9) Axes
 * Level 1.3(2.3) Maces & Flails
 - Level 3.2 Armour
 + Level 4.2 Shields


You had 4 spell levels left.
You didn't know any spells.
Your spell library contained the following spells:

 Spells                   Type           Power      Damage    Failure   Level
 Summon Small Mammal      Summ           0%         N/A       99%         1
 Call Canine Familiar     Summ           0%         N/A       100%        3
 Summon Guardian Golem    Hex/Summ       0%         N/A       100%        3


Dungeon Overview and Level Annotations

Branches:
Dungeon (3/15)              Sewer (visited)

Altars:
Wu Jian


Innate Abilities, Weirdness & Mutations

You are immune to sickness and miasma.
Your stone body is resilient. (AC +4)
You are immune to poison.
You resist negative energy. (rN+)
You are resistant to electric shocks. (rElec)
You are resistant to unholy torment.
You are immune to petrification.


Message History

The adder bites you.
* * * LOW HITPOINT WARNING * * *
The dart slug launches a dart at you.
The slug dart hits you but does no damage.
You block the adder's attack.
Blink to where?
Press: ? - help, Dir - move target
As you read the scroll of blinking, it crumbles to dust.
The ball python bites you but does no damage.
You block the ball python's attack.
The ball python attacks as you move away!
You block the ball python's attack. The ball python barely misses you.
The dart slug briefly extends its eye-stalks.
An orc comes into view. It is wielding a +0 short sword.
The orc shouts!
The orc barely misses you. The dart slug launches a dart at you.
You block the slug dart.
You hit the orc.
Your weapon exudes an aura of protection.
The orc is heavily wounded.
The orc hits you but does no damage. The adder closely misses you.
The orc hits you but does no damage. x2
You sock the orc!
You kill the orc!
The adder bites you but does no damage. The orc hits you but does no damage.
The adder bites you.
* * * LOW HITPOINT WARNING * * *
The orc attacks as you move away! The orc hits you but does no damage.
You see here a +0 short sword.
The orc attacks as you move away! The orc hits you but does no damage.
The orc hits you but does no damage. The orc attacks as you move away!
The orc hits you with a +0 hand axe.
* * * LOW HITPOINT WARNING * * *
The orc attacks as you move away! The orc hits you but does no damage.
There is a stone staircase leading down here.
The orc hits you with a +0 hand axe.
* * * LOW HITPOINT WARNING * * *
The orc hits you with a +0 hand axe.
You die...

###~~#..§##
###.###......S...
##~~....##
#.....#.#.###.oSo
##~.....#
#.o...#.#.#.#. ..
###.....#
#..............
#..####
##S...#.###.#..
#### #....#.# ..
#SS..#.# ##
#oo..#.# #@...#.#
#.####.# ..
#.####.# ...
#....#.##....
####.........
###..#....
##..........
####..####.####
..
#.....##...(.##
.#


You could see an orc wizard, 2 adders, 2 orcs and a ball python.

Vanquished Creatures
  4 adders
  A gnoll (D:1)
  A worm (D:2)
  4 dart slugs
  5 orcs (D:3)
  8 bats
  3 endoplasms
  3 giant cockroaches
  4 goblins (D:1)
  2 hobgoblins
  4 jackals (D:1)
  3 quokkas
  4 ball pythons
  4 frilled lizards
  4 kobolds
  7 rats
61 creatures vanquished.

Vanquished Creatures (others)
  2 plants (Sewer)
2 creatures vanquished.

Grand Total: 63 creatures vanquished

Notes
Turn   | Place    | Note
-------+----------+-------------------------------------------
     0 | D:1      | mistaj the Gargoyle Fighter began the quest for the Orb.
     0 | D:1      | Reached XP level 1. HP: 14/14 MP: 1/1
    81 | D:1      | Reached XP level 2. HP: 18/19 MP: 2/2
   360 | D:1      | Reached XP level 3. HP: 24/24 MP: 3/3
  1159 | D:2      | Reached XP level 4. HP: 26/29 MP: 4/4
  1231 | D:2      | You fall into a shaft and drop 1 floor!
  1524 | D:3      | Reached skill level 1 in Maces & Flails
  1563 | D:3      | Found an ornate altar of the Wu Jian Council.
  1609 | D:3      | Identified the ring "Wiawkimone" {Wiz rF- rC++ Will+}
  1628 | D:3      | Found a glowing drain.
  1637 | Sewer    | Entered a sewer
  1771 | Sewer    | Reached XP level 5. HP: 33/33 MP: 5/5
  1843 | Sewer    | Noticed a kobold brigand
  1843 | Sewer    | Noticed a kobold brigand
  1843 | Sewer    | Noticed a kobold brigand
  1906 | D:3      | Slain by an orc

Illustrated notes

Levels and vault maps discovered:
D:1:      lemuel_arrival_tunnels, layout_basic
D:2:      layout_basic, minmay_pentomino_p4
D:3:      layout_basic, old_standard_altar, cheibrodos_sewer_entry_bend

Skill      XL: |  1  2  3  4 |
---------------+-------------+-----
Axes           | 2 |  2.7
Fighting       | 4 |  4.2
Shields        | 4 |  4.2
Maces & Flails | 1 |  1.3
Short Blades   | |  0.3
Armour         | |  3.2

Action                     |  1- 3 |  4- 6 || total
---------------------------+-------+-------++-------
  Melee: War axe           |    82 |    21 ||   103
         Dagger            |    65 |       ||    65
         Flail             |       |    80 ||    80
    Use: Scroll            |       |     6 ||     6
 Armour: Scale mail        |    80 |    33 ||   113
         Chain mail        |       |    77 ||    77
  Dodge: Dodged            |    67 |    46 ||   113
  Block: Buckler           |    28 |    30 ||    58

Table legend: (Time is in decaauts)
 A = Elapsed time spent in this place.
 B = Non-inter-level travel time spent in this place.
 C = Inter-level travel time spent in this place.
 D = Time resting spent in this place.
 E = Time spent auto-exploring this place.
 F = Levels seen in this place.
 G = Mean time per level.
                   A        B        C        D        E       F      G
               +--------+--------+--------+--------+--------+-----+--------+
         Total |   1987 |   1939 |     48 |    343 |    744 |   4 |  496.8 |
       Dungeon |   1698 |   1650 |     48 |    307 |    630 |   3 |  566.0 |
         Sewer |    288 |    288 |      0 |     36 |    114 |   1 |  288.0 |
               +--------+--------+--------+--------+--------+-----+--------+

Top non-repeatable levels by time:
     D:1: 1001 daAuts
     D:3: 449 daAuts
   Sewer: 288 daAuts
     D:2: 247 daAuts
